 Dungeon Crawl Stone Soup version 0.15-a0-335-g04a2ae6 (webtiles) character file.

3164 4tharraofdagon the Cleaver (level 9, 0/88 HPs)
             Began as a Gargoyle Fighter on May 1, 2014.
             Was a Believer of Makhleb.
             Slain by a troll (4 damage)
             ... on Level 11 of the Dungeon.
             The game lasted 00:17:11 (2745 turns).

4tharraofdagon the Cleaver (Gargoyle Fighter)       Turns: 2745, Time: 00:17:12

HP   0/88        AC 24     Str 25      XL: 9   Next: 74%
MP   9/9         EV  2     Int 12      God: Makhleb [**....]
Gold 327         SH 19     Dex  9      Spells:  0 memorised,  8 levels left

rFire  . . .     SeeInvis +     a - +1,-2 war axe
rCold  . . .     Clarity  .     A - melded +0 chain mail
rNeg   + + +     Conserve .     c - +0 shield (curse)
rPois  +         rCorr    .     (no helmet)
rElec  .         rRot     +     (cloak currently unavailable)
SustAb . .       Spirit   .     (gloves currently unavailable)
rMut   .         Warding  .     (boots currently unavailable)
Gourm  +         NoTele   +     q - amulet of the gourmand
MR     .....                    (no ring)
                                m - ring of see invisible

@: tree-form, mighty, not resistant to hostile enchantments, very unstealthy
A: life protection 1, (electricity resistance), (unbreathing), petrification
resistance, AC +5
a: Minor Destruction, Renounce Religion


You were on level 11 of the Dungeon.
You worshipped Makhleb.
Makhleb was pleased with you.
You were not hungry.
You were an animated tree.
You visited 2 branches of the dungeon, and saw 12 of its levels.
You also visited: Ossuary.

You collected 327 gold pieces.

Inventory:

Hand weapons
 a - a +1,-2 war axe (weapon)
Missiles
 n - 5 poisoned darts
 v - 10 darts of flame (quivered)
 F - an arrow of flame
Armour
 b - a +0 scale mail
 c - a cursed +0 shield (worn)
 y - a cursed +0 chain mail
 A - a +0 chain mail (melded)
Magical devices
 t - a wand of paralysis (13)
Comestibles
 d - 3 bread rations
Scrolls
 e - a scroll of identify
 g - 3 scrolls of remove curse
 j - a scroll of teleportation
 k - 2 scrolls of blinking
 r - 3 scrolls of enchant weapon I
 C - a scroll of enchant weapon II {unknown}
 D - a scroll of fog
Jewellery
 m - a ring of see invisible (left branch)
 o - an uncursed ring of poison resistance
 q - an amulet of the gourmand (around neck)
 s - an uncursed ring of fire
Potions
 f - 4 potions of curing
 h - a potion of restore abilities
 i - a potion of might
 p - a potion of confusion
 w - 2 potions of paralysis
 x - a potion of resistance
 z - 2 potions of brilliance
Books
 u - a book of Callings

   Spells                             Type                      Level
   Summon Small Mammal                Summoning                    1
   Call Imp                           Summoning                    2
   Call Canine Familiar               Summoning                    3
   Summon Guardian Golem              Hexes/Summoning              4
   Summon Lightning Spire             Summoning/Air                4
   Summon Ice Beast                   Ice/Summoning                4
Magical staves
 B - an uncursed staff of power
 E - an uncursed staff of summoning


   Skills:
 + Level 7.9 Fighting
 * Level 8.8 Axes
 + Level 7.8 Armour
 - Level 3.2 Shields


You had 8 spell levels left.
You didn't know any spells.

Dungeon Overview and Level Annotations

Branches:
Dungeon (11/15)            Temple (1/1) D:4            Lair (0/8) D:10
    Orc: D:9-12

Altars:
Kikubaaqudgha
Makhleb
Xom
Yredelemnul
Zin

Annotations:
D:7 4tharraofdagon's ghost, weakling HuFE
D:8 Psyche
D:9 exclusion: upstairs


Innate Abilities, Weirdness & Mutations

You are resistant to torment.
You are immune to poison.
You are immune to rotting.
((Your stone body is very resilient (AC +5).))*
You resist negative energy.
((You are resistant to electric shocks.))*
((You can survive without breathing.))*
You are immune to petrification.


Message History

The raven is moderately wounded.
You closely miss the tengu warrior. You hit the raven.
The raven is lightly wounded.
You hit the troll.
The troll is lightly wounded.
The raven pecks you but does no damage. The raven claws you but does no damage.
You block the raven's attack. The raven claws you.
* * * LOW HITPOINT WARNING * * *
You block the troll's attack. The troll claws you but does no damage.
You block the troll's attack. The raven pecks you but does no damage.
The raven claws you.
* * * LOW HITPOINT WARNING * * *
The raven pecks you.
* * * LOW HITPOINT WARNING * * *
The raven claws you but does no damage.
The tengu warrior hits you but does no damage.
The tengu warrior pecks you but does no damage.
The tengu warrior claws you but does no damage.
You block the troll's attack. The troll claws you.
You die...

#.##.# #.# #####
#.##.# #.# #....#
#.##.# #.# #......
##.##.####.####....##.
...................?..
.................)....
##.##.##.........#.##
#.##.##.........#
#.##.##.......T.#
#.##.##.......b♣#
#<##.##.......Qb#
#.##.##.........# #.#
. #...(.....# ...
..#####.# ... . ...
#.... #.. #.... #..
...... #.. ...


You could see a tengu warrior, a troll and 2 ravens.

Vanquished Creatures
  Pikel (D:4)
  A griffon (D:10)
  A deep elf mage (D:9)
  A hippogriff (D:9)
  2 slaves (D:4)
  A water moccasin (D:7)
  4 centaurs
  2 giant frogs
  3 water moccasin zombies (Ossuary)
  A gnoll sergeant (D:10)
  2 jellies (D:7)
  6 killer bees (D:10)
  3 crimson imps
  3 quasits
  An iguana (D:4)
  A centaur skeleton (D:4)
  2 orc wizards
  A worker ant (D:5)
  2 big kobold zombies (Ossuary)
  An ogre skeleton (D:6)
  2 mummies (Ossuary)
  6 adders
  5 gnolls (D:10)
  4 giant mites
  A shadow imp (D:5)
  A worm (D:7)
  4 adder zombies (Ossuary)
  4 giant geckos
  6 orcs
  9 bats
  5 giant cockroaches
  9 goblins
  7 hobgoblins
  2 jackals (D:3)
  4 quokkas
  2 ball pythons
  2 giant newts
  9 hobgoblin zombies
  6 kobolds
  6 kobold zombies (Ossuary)
  12 orc zombies
  7 rats
152 creatures vanquished.

Vanquished Creatures (others)
  An orc (D:4)
  3 hobgoblins (D:4)
4 creatures vanquished.

Grand Total: 156 creatures vanquished

Notes
Turn   | Place    | Note
--------------------------------------------------------------
     0 | D:1      | 4tharraofdagon, the Gargoyle Fighter, began the quest for the Orb.
     0 | D:1      | Reached XP level 1. HP: 14/14 MP: 1/1
    50 | D:1      | Reached XP level 2. HP: 19/19 MP: 2/2
   222 | D:2      | Reached XP level 3. HP: 14/23 MP: 3/3
   385 | D:3      | Reached XP level 4. HP: 18/29 MP: 4/4
   390 | D:3      | Reached skill level 4 in Fighting
   514 | D:3      | Found an ancient bone altar of Kikubaaqudgha.
   684 | D:5      | Entered Level 5 of the Dungeon
   772 | D:5      | Noticed a centaur
   780 | D:5      | Killed a centaur
   780 | D:5      | Reached XP level 5. HP: 19/34 MP: 5/5
   787 | D:5      | Reached XP level 6. HP: 22/39 MP: 6/6
   860 | D:4      | Found a shimmering altar of Xom.
   890 | D:4      | Noticed Pikel
   890 | D:4      | Noticed a slave
   890 | D:4      | Noticed a slave
   890 | D:4      | Noticed a slave
   891 | D:4      | Noticed a slave
   896 | D:4      | Killed a slave
   909 | D:4      | Killed a slave
   912 | D:4      | Killed Pikel
   912 | D:4      | Reached skill level 5 in Fighting
   912 | D:4      | Reached skill level 5 in Axes
   912 | D:4      | Reached skill level 5 in Armour
   912 | D:4      | Reached XP level 7. HP: 16/45 MP: 7/7
   979 | D:4      | Found a staircase to the Ecumenical Temple.
   996 | Temple   | Entered the Ecumenical Temple
  1010 | Temple   | Became a worshipper of Makhleb the Destroyer
  1212 | D:4      | Found a sand-covered staircase.
  1222 | Ossuary  | Entered an ossuary
  1254 | Ossuary  | Reached XP level 8. HP: 34/51 MP: 8/8
  1276 | Ossuary  | Reached skill level 6 in Axes
  1384 | Ossuary  | Acquired Makhleb's first power
  1768 | D:6      | Noticed a centaur
  1777 | D:6      | Killed a centaur
  1818 | D:7      | Noticed 4tharraofdagon's ghost (weakling HuFE)
  1959 | D:7      | :(
  1959 | D:7      | WTF
  1973 | D:7      | bye bye weapon
  2012 | D:7      | Reached skill level 7 in Axes
  2084 | D:8      | Acquired Makhleb's second power
  2138 | D:8      | Noticed a griffon
  2138 | D:8      | Noticed a griffon
  2139 | D:8      | Noticed a polar bear
  2140 | D:8      | Noticed a polar bear
  2141 | D:8      | Noticed a polar bear
  2142 | D:8      | Noticed a polar bear
  2142 | D:8      | Noticed a griffon
  2142 | D:8      | Noticed a polar bear
  2142 | D:8      | Noticed a polar bear
  2154 | D:8      | Noticed Psyche
  2223 | D:9      | 10hits for zombie
  2223 | D:9      | n
  2223 | D:9      | rip soon
  2238 | D:9      | Reached XP level 9. HP: 56/56 MP: 9/9
  2286 | D:9      | Noticed a wandering mushroom
  2287 | D:9      | Noticed a wandering mushroom
  2287 | D:9      | Noticed a wandering mushroom
  2397 | D:9      | RIP
  2407 | D:10     | Entered Level 10 of the Dungeon
  2407 | D:10     | Found a staircase to the Lair.
  2407 | D:10     | Noticed a fire drake
  2448 | D:10     | Reached skill level 8 in Axes
  2606 | D:10     | Noticed a griffon
  2640 | D:10     | Killed a griffon
  2739 | D:11     | Noticed a tengu warrior
  2745 | D:11     | HP: 4/88 [raven[a tengu warrior] (3)]
  2745 | D:11     | Slain by a troll

Action                   |  1- 3 |  4- 6 |  7- 9 || total
-------------------------+-------+-------+-------++-------
Melee: War axe           |    79 |    75 |   515 ||   669
Throw: Dart              |       |       |     2 ||     2
Evoke: Wand              |       |     1 |     3 ||     4
  Use: Scroll            |       |     2 |    12 ||    14
       Potion            |       |     3 |    10 ||    13
 Stab: Paralysed         |       |       |     4 ||     4
       Invisible         |       |       |    14 ||    14
